 Dungeon Crawl Stone Soup version 0.30-a0-250-g41c1d76940 (webtiles) character file.

Game seed: 17457250912578834631

276751 nono the Tortoise (level 19, 0/182 HPs)
             Began as an Armataur Fighter on Oct 11, 2022.
             Was the Champion of the Shining One.
             Killed from afar by a tengu reaver (21 damage)
             ... with a bolt of lightning
             ... on level 3 of the Vaults on Oct 12, 2022.
             The game lasted 01:31:51 (42737 turns).

nono the Tortoise (Armataur Fighter)               Turns: 42737, Time: 01:31:51

Health: 0/182      AC: 30    Str: 25    XL:     19   Next: 97%
Magic:  15/28      EV:  6    Int:  9    God:    the Shining One [******]
Gold:   4093       SH: 38    Dex: 13    Spells: 18/18 levels left

rFire   + . .      SeeInvis +    Y - +6 sacred scourge (holy)
rCold   + + +      Faith    .    c - +2 tower shield
rNeg    + + +      Spirit   .    I - +2 plate armour {rC+}
rPois   +          Reflect  +    U - +2 helmet
rElec   .          Harm     .    P - +2 cloak of the Thief {*Fog Slay-2 SInv Stlth+}
rCorr   .          Roll     +    g - +2 pair of gloves {Dex+3}
Will    +++..                    u - +0 barding {rC+}
Stlth   ..........               l - amulet of reflection
HPRegen 0.50/turn                J - ring "Ohobeog" {Wiz rN++ Will++ Str-4 Stlth+}
MPRegen 0.21/turn                F - ring of protection from fire

@: divinely shielded, marked, corroded, glowing
A: large, rugged brown scales 3, deformed body, armoured tail, roll, long
tongue, awkward tongue, cold resistance 1, poison resistance, MP-powered wands
}: 1/15 runes: gossamer
a: Renounce Religion, Divine Shield, Cleansing Flame, Summon Divine Warrior


You were on level 3 of the Vaults.
You worshipped the Shining One.
The Shining One was exalted by your worship.
You visited 7 branches of the dungeon, and saw 33 of its levels.

You collected 5756 gold pieces.
You spent 1663 gold pieces at shops.

Inventory:

Hand Weapons
 a - a +1 flail of protection
 b - the +7 war axe of Mojoty {freeze, rF++ Int+3}
   (You found it on level 1 of the Lair of Beasts)

   It freezes those it strikes, dealing additional cold damage.
   It can also slow down cold-blooded creatures.
   Int:       It affects your intelligence (+3).
   rF:        It greatly protects you from fire.
 A - a +1 eveningstar of protection
 Y - a +6 sacred scourge of holy wrath (weapon)
Armour
 c - a +2 tower shield (worn)
 g - a +2 pair of gloves of dexterity (worn)
 u - a +0 barding of cold resistance (worn)
 I - a +2 plate armour of cold resistance (worn)
 P - the +2 cloak of the Thief (worn) {*Fog Slay-2 SInv Stlth+}
   (You found it on level 8 of the Dungeon)

   It may release a thick cloud of smoke when the wearer is hurt.
   Slay:      It affects your accuracy & damage with ranged weapons and melee
   (-2).
   SInv:      It lets you see invisible.
   Stlth:     It makes you more stealthy.
 U - a +2 helmet (worn)
 X - a scarf of resistance
Jewellery
 e - a +4 ring of slaying
 l - an amulet of reflection (around neck)
 w - a ring of fire
 x - the ring "Budekeecw" {Ice rElec rCorr Int-3}
   (You found it on level 3 of the Crypt)

   [ring of ice]

   It enhances your ice magic.
   Int:       It affects your intelligence (-3).
   rF:        It makes you vulnerable to fire.
   rC:        It protects you from cold.
   rElec:     It insulates you from electricity.
   rCorr:     It protects you from acid and corrosion.
 F - a ring of protection from fire (right hand)
 J - the ring "Ohobeog" (left hand) {Wiz rN++ Will++ Str-4 Stlth+}
   (You found it on level 3 of the Crypt)

   [ring of wizardry]

   It improves your spell success rate.
   Str:       It affects your strength (-4).
   rN:        It greatly protects you from negative energy.
   Will:      It greatly increases your willpower.
   Stlth:     It makes you more stealthy.
 R - a +4 ring of slaying
 T - a +6 ring of dexterity
 V - an amulet of faith
Wands
 E - a wand of light (7)
 M - a wand of roots (20)
 O - a wand of digging (10)
 W - a wand of mindburst (26)
Scrolls
 k - 6 scrolls of butterflies
 o - 6 scrolls of fear
 q - 8 scrolls of enchant armour
 r - 5 scrolls of vulnerability
 s - 6 scrolls of poison
 t - 18 scrolls of teleportation
 y - 2 scrolls of brand weapon
 B - 6 scrolls of immolation
 C - a scroll of amnesia
 D - a scroll of silence
 G - 6 scrolls of magic mapping
 K - 10 scrolls of identify
 L - 2 scrolls of blinking
Potions
 d - 6 potions of might
 f - 8 potions of brilliance
 h - 3 potions of magic
 i - 13 potions of curing
 j - 12 potions of mutation
 m - a potion of cancellation
 n - 8 potions of ambrosia
 p - 3 potions of flight
 v - 5 potions of lignification
 z - 7 potions of berserk rage
 H - 4 potions of attraction
 N - 5 potions of haste
 Q - 2 potions of invisibility
 S - a potion of heal wounds
 Z - 2 potions of resistance


   Skills:
 + Level 15.6 Fighting
 + Level 15.4 Maces & Flails
 + Level 19.7 Armour
 - Level 10.0 Dodging
 + Level 18.3 Shields
 + Level 13.1 Invocations


You had 18 spell levels left.
You didn't know any spells.
Your spell library contained the following spells:

 Spells                   Type           Power      Damage    Failure   Level
 Apportation              Tloc           0%         N/A       85%         1
 Beastly Appendage        Tmut           0%         N/A       85%         1
 Kiss of Death            Conj/Necr      0%         2d5       85%         1
 Magic Dart               Conj           0%         1d3       85%         1
 Necrotise                Necr           0%         1d4       85%         1
 Shock                    Conj/Air       0%         1d3       85%         1
 Slow                     Hex            0%         N/A       85%         1
 Sting                    Tmut/Pois      0%         1d3       85%         1
 Summon Small Mammal      Summ           0%         N/A       85%         1
 Poisonous Vapours        Pois/Air       0%         N/A       92%         2
 Searing Ray              Conj           0%         2d4       92%         2
 Sublimation of Blood     Necr           0%         N/A       92%         2
 Wereblood                Tmut           0%         N/A       92%         2
 Confusing Touch          Hex            0%         N/A       99%         3
 Dazzling Flash           Conj/Hex       0%         N/A       99%         3
 Frozen Ramparts          Ice            0%         1d1       99%         3
 Gell's Gravitas          Tloc           0%         N/A       99%         3
 Ignite Poison            Fire/Tmut/Pois 0%         N/A       99%         3
 Kindle Blastsparks       Fire/Tloc/Air  0%         2d10      99%         3
 Lesser Beckoning         Tloc           0%         N/A       99%         3
 Portal Projectile        Hex/Tloc       0%         N/A       99%         3
 Spider Form              Tmut/Pois      0%         N/A       99%         3
 Swiftness                Air            0%         N/A       99%         3
 Teleport Other           Tloc           0%         N/A       99%         3
 Tukima's Dance           Hex            0%         N/A       99%         3
 Vampiric Draining        Necr           0%         2d6       99%         3
 Airstrike                Air            0%         2d(0-16)  100%        4
 Anguish                  Hex/Necr       0%         N/A       100%        4
 Dispel Undead            Necr           0%         3d6       100%        4
 Fulminant Prism          Conj/Hex       0%         3d6       100%        4
 Ice Form                 Ice/Tmut       0%         N/A       100%        4
 Olgreb's Toxic Radiance  Pois           0%         N/A       100%        4
 Passage of Golubria      Tloc           0%         N/A       100%        4
 Summon Ice Beast         Ice/Summ       0%         N/A       100%        4
 Agony                    Necr           0%         N/A       100%        5
 Alistair's Intoxication  Tmut/Pois      0%         N/A       100%        5
 Blade Hands              Tmut           0%         N/A       100%        5
 Borgnjor's Vile Clutch   Necr/Erth      0%         N/A       100%        5
 Freezing Cloud           Conj/Ice/Air   0%         6-21      100%        5
 Silence                  Hex/Air        0%         N/A       100%        5
 Summon Forest            Summ/Tloc      0%         N/A       100%        5
 Yara's Violent Unravell  Hex/Tmut       0%         3d3       100%        5
 Eringya's Noxious Bog    Tmut/Pois      0%         N/A       100%        6
 Enfeeble                 Hex            0%         N/A       100%        7
 Ozocubu's Refrigeration  Ice            0%         4d7       100%        7
 Summon Hydra             Summ           0%         N/A       100%        7
 Ignition                 Fire           0%         3d3       100%        8
 Lehudib's Crystal Spear  Conj/Erth      0%         10d2      100%        8
 Chain Lightning          Conj/Air       0%         N/A       100%        9
 Fire Storm               Conj/Fire      0%         5d1       100%        9
 Shatter                  Erth           0%         3d5*      100%        9


Dungeon Overview and Level Annotations

Branches:
Dungeon (15/15)            Temple (1/1) D:6            Lair (5/5) D:8
 Shoals (0/4) Lair:2       Spider (4/4) Lair:2        Slime (0/5) Lair:4
    Orc (2/2) D:11            Elf (0/3) Orc:2        Vaults (3/5) D:13
  Crypt (3/3) Vaults:2       Tomb (0/3) Crypt:3      Depths (0/4) D:15

Altars:
Ashenzari
Cheibriados
Dithmenos
Elyvilon
Fedhas
Gozag
Hepliaklqana
Kikubaaqudgha
Makhleb
Nemelex Xobeh
Okawaru
Qazlal
Ru
Sif Muna
Trog
Uskayaw
Vehumet
Wu Jian
Xom
Yredelemnul
Zin
The Shining One
Jiyva

Shops:
D:2 =   D:6 *   D:11 *   D:14 [   Orc:2 ?=[!?

Portals:
Hell: Lair:5
Trove: D:10 (show abyssal rune of Zot)

Annotations:
Lair:3 2 transporters, exclusion: 2 ice statues, Ughesav's ghost, journeyman TrFi
Spider:2 2 transporters, exclusion: orange crystal statue


Innate Abilities, Weirdness & Mutations

You are completely covered in rugged brown scales. (AC +3, +7% HP)
Armour fits poorly on your strangely shaped body.
You have a long armoured tail.
You roll when moving toward enemies. (Rampage)
Your long tongue fully drains potion bottles. (2x potion effects)
Your tongue gives you trouble enunciating. (1.5x scroll delay)
Your flesh is cold resistant. (rC+)
Your system is resistant to poisons. (rPois)
You expend magic power (3 MP) to strengthen your wands.


Message History

The tengu reaver is severely wounded.
Electricity crackles from the ironbound thunderhulk's apparatus.
The bolt of lightning hits you!!!
* * * LOW HITPOINT WARNING * * *
With a swish of your cloak, you release a cloud of fog.
You block the lindwurm's attack. x2
The lindwurm claws you but does no damage.
You barely miss the tengu reaver.
The tengu reaver is severely wounded.
The tengu reaver hits you but does no damage.
You block the tengu reaver's attack. x2
Unknown command.
You barely miss the tengu reaver. You tail-slap the tengu reaver.
The tengu reaver is severely wounded.
The lindwurm breathes flames at you.
The blast of flame hits you but does no damage.
The tengu reaver casts a spell at you. The bolt of acid hits you!!
* * * LOW HITPOINT WARNING * * *
The acid corrodes you! The bolt of acid hits your daeva!!
Your daeva seems to be corroded for longer.
As you read the scroll of fear, it crumbles to dust.
You assume a fearsome visage.
The tengu reaver easily resists.
The lindwurm looks frightened!
The ironbound preserver looks frightened!
The tengu reaver gestures at you while chanting.
The bolt of lightning hits you!
* * * LOW HITPOINT WARNING * * *
Your daeva hits the tengu reaver but does no damage.
Your daeva barely misses the tengu reaver.
The tengu reaver hits your daeva with a +1 great sword!!
Your daeva blocks the tengu reaver's attack. x2
Your daeva hits the tengu reaver with a +4 scimitar of holy wrath.
Your daeva barely misses the tengu reaver.
The tengu reaver points at your daeva and mumbles some strange words.
The bolt of lightning hits your daeva!!
Your daeva dies!
Your daeva dissolves into sparkling lights!
The bolt of lightning hits you!!
You die...

########
#############
#......#
...!§k§§§...#
#......#
T.Tp§§QT.@..#
#......#
####'§####§.#
#......# ...^
#..# #......#
#..O #..#
#.>....# #..
#..# #......#
#. #..#
#......' #
#..#
##'######
#..# ##...# #
#..# ##....#
#


You could see a tengu reaver (sheltered, unaware) and a deep troll (sheltered).

Vanquished Creatures
  Xtahua (Crypt:2)
  A bone dragon (Crypt:3)
  Arachne (Spider:2)
  Jorgrun (D:14)
  3 liches (Crypt:3)
  A sphinx (Crypt:3)
  An ancient champion (Crypt:1)
  Gastronok (Orc:2)
  Kirke (D:14)
  2 revenants
  3 vault wardens
  A frost giant (D:15)
  A juggernaut zombie (Crypt:1)
  3 emperor scorpions
  Louise (D:14)
  3 ghost moths
  8 ghouls
  3 curse skulls
  A caustic shrike zombie (Crypt:3)
  10 ironbound preservers
  An orc warlord (Vaults:2)
  4 war gargoyles
  2 broodmothers (Spider:4)
  3 very ugly things (Vaults:2)
  8 vampire knights
  An ironbound thunderhulk (Vaults:1)
  Azrael (Spider:1)
  4 dire elephants
  2 spark wasps (Spider:4)
  A crystal guardian (Vaults:2)
  4 eidola (Crypt:2)
  Snorg (Orc:1)
  7 jiangshi
  A deep elf death mage (Crypt:2)
  A mummy priest (Crypt:3)
  Josephine (Orc:2)
  4 entropy weavers
  4 yaktaur captains
  2 peacekeepers
  2 vault guards
  Erolcha (Orc:2)
  12 hydras
  6 great orbs of eyes
  2 ironbound frosthearts
  A radroach (Spider:3)
  A spriggan skeleton (Crypt:3)
  A jorogumo (Spider:4)
  17 centaur warriors
  A catoblepas (Lair:5)
  An ogre mage (Orc:2)
  A death knight (Crypt:2)
  A two-headed ogre (Orc:2)
  Erica (D:8)
  10 boulder beetles
  An Orb Guardian skeleton (Crypt:1)
  3 tengu warriors
  An orc high priest (Orc:1)
  A vampire mage (Crypt:1)
  Urug (Lair:5)
  A soul eater (Crypt:1)
  An emperor scorpion zombie (Crypt:2)
  2 shadow wraiths
  6 pharaoh ants
  A sixfirhy (Lair:5)
  The ghost of WhatIsLove the Devastator, a novice TeCj of Sif Muna (D:9)
  Amaemon (Lair:2)
  Nergalle (Orc:2)
  37 skeletal warriors
  A flayed ghost (Crypt:1)
  A spark wasp zombie (Crypt:1)
  30 deep trolls
  A storm dragon skeleton (Crypt:3)
  A bunyip zombie (Crypt:3)
  6 steelbarb worms
  7 orb spiders
  A sun moth (Spider:2)
  An anaconda zombie (Crypt:3)
  8 phantasmal warriors
  5 lindwurms (Vaults:1)
  A bog body (Crypt:2)
  8 ironbound convokers
  8 orc knights
  Pikel (D:4)
  6 wizards
  26 wolf spiders
  A deep elf pyromancer (D:15)
  4 necromancers
  A jorogumo zombie (Crypt:2)
  An oklob plant (Lair:2)
  A fire giant zombie (Vaults:2)
  6 cyclopes
  4 manticores
  9 orc sorcerers
  A centaur zombie (Crypt:3)
  24 ugly things
  A moth of wrath (Spider:4)
  Maurice (D:8)
  An iron dragon skeleton (Crypt:3)
  2 orange demons
  6 fire giant skeletons (Crypt:3)
  3 black mambas (Lair:5)
  15 cane toads
  8 vault sentinels
  3 torpor snails
  A smoke demon (Lair:5)
  6 gargoyles
  A cane toad (shapeshifter) (D:13)
  Maggie (D:7)
  8 unseen horrors
  A death yak zombie (Crypt:2)
  20 yaktaurs
  8 demonic crawlers
  An ice devil (Lair:5)
  11 komodo dragons
  3 freezing wraiths (Crypt:2)
  A purple draconian skeleton (Crypt:2)
  11 rime drakes
  A human zombie (Vaults:2)
  A yaktaur skeleton (Vaults:2)
  A grey draconian skeleton (Crypt:2)
  6 trolls
  3 guardian mummies
  A wind drake (shapeshifter) (D:13)
  3 red devils (Lair:5)
  2 polar bears (Lair:5)
  Prince Ribbit (D:8)
  11 blink frogs
  17 tarantellas
  9 meliai (Spider:2)
  A boulder beetle zombie (Crypt:2)
  13 slime creatures
  A dream sheep (Lair:5)
  10 fire dragon skeletons (Crypt:3)
  A stone giant simulacrum (Vaults:2)
  Sigmund (D:3)
  3 shadows (Crypt:3)
  An alligator skeleton (Crypt:2)
  18 jumping spiders
  A vampire (D:11)
  16 culicivoras
  14 wraiths
  34 yaks
  10 wyverns
  10 basilisks
  2 water elementals (D:13)
  31 redbacks
  5 hogs (D:14)
  20 humans (D:13)
  2 fire elementals (Spider:1)
  A basilisk (shapeshifter) (D:15)
  12 vampire mosquitoes
  Grum (D:8)
  A steam dragon (D:7)
  A neqoxec (D:9)
  3 wargs
  Menkaure (D:4)
  A wind drake skeleton (Crypt:2)
  A naga zombie (Crypt:3)
  8 water moccasins
  6 hell hounds
  2 ice beasts
  21 orc warriors
  An ettin simulacrum (Vaults:2)
  A sky beast (D:8)
  2 black bears
  10 wolves
  8 ogres
  4 boggarts (D:14)
  13 centaurs
  2 human skeletons (Vaults:3)
  3 phantoms
  2 lemures (D:4)
  An elf simulacrum (Vaults:3)
  2 kobold brigands (D:6)
  13 bullfrogs
  9 necrophages
  A gnoll sergeant (D:11)
  7 scorpions
  An elf skeleton (Crypt:1)
  3 wights (D:7)
  12 killer bees
  2 troll skeletons
  7 howler monkeys
  5 electric eels
  A bullfrog zombie (Crypt:2)
  3 quasits (D:9)
  A human simulacrum (Vaults:2)
  3 jellies
  13 orc priests
  2 hounds
  Jessica (D:3)
  5 iguanas
  34 orc wizards
  11 hell rats
  8 mummies (Crypt:3)
  7 gnolls
  9 adders
  An ufetubus (D:6)
  An adder zombie (D:3)
  A worm (D:4)
  2 dart slugs (D:4)
  78 orcs
  7 ball pythons
  2 bat skeletons (Crypt:1)
  11 endoplasms
  4 giant cockroaches
  4 goblins
  8 hobgoblins
  4 jackals
  5 quokkas
  3 bats
  3 frilled lizards
  A gnoll zombie (Crypt:1)
  A goblin skeleton (Crypt:1)
  17 kobolds
  A kobold zombie (Crypt:2)
  A quokka zombie (D:3)
  3 rats (D:1)
1166 creatures vanquished.

Vanquished Creatures (collateral kills)
  A shard shrike skeleton (Crypt:3)
  A sphinx (Crypt:3)
  Donald (Spider:4)
  2 emperor scorpions (Spider:4)
  A vault warden (Vaults:1)
  An orc warlord (Vaults:2)
  A juggernaut skeleton (Crypt:3)
  A broodmother (Spider:4)
  A caustic shrike skeleton (Crypt:3)
  A yaktaur captain (Vaults:2)
  An ironbound frostheart (Vaults:1)
  3 centaur warriors (Vaults:1)
  2 sun moths
  3 deep trolls (Vaults:1)
  A steelbarb worm (Spider:4)
  4 orb spiders (Spider:4)
  An ironbound convoker (Vaults:1)
  A lindwurm (Vaults:1)
  2 orc knights (Vaults:2)
  A necromancer (Vaults:2)
  4 wolf spiders (Spider:4)
  An ugly thing (Vaults:2)
  A shadow dragon skeleton (Crypt:3)
  A moth of wrath (Spider:4)
  A vault sentinel (Vaults:1)
  3 yaktaurs (Vaults:1)
  5 tarantellas
  3 jumping spiders
  A culicivora (Spider:4)
  3 redbacks
  An elf skeleton (Vaults:2)
  A human skeleton (Vaults:2)
  2 mummies (Crypt:3)
57 creatures vanquished.

Vanquished Creatures (others)
  Asterion (Spider:3)
  A pharaoh ant (Spider:1)
  A deep troll (Vaults:3)
  2 humans (D:14)
  An orc (Orc:2)
  A bush (Lair:5)
  34 fungi
  36 plants
77 creatures vanquished.

Grand Total: 1300 creatures vanquished

Notes
Turn   | Place    | Note
-------+----------+-------------------------------------------
     0 | D:1      | nono the Armataur Fighter began the quest for the Orb.
     0 | D:1      | Reached XP level 1. HP: 19/19 MP: 1/1
   279 | D:1      | Reached XP level 2. HP: 26/26 MP: 2/2
   938 | D:1      | Reached skill level 4 in Armour
  1173 | D:2      | Reached XP level 3. HP: 33/33 MP: 3/3
  1210 | D:2      | Found Etyc's Jewellery Emporium.
  1631 | D:3      | Noticed a necrophage
  1675 | D:3      | Killed a necrophage
  1676 | D:3      | Reached XP level 4. HP: 24/40 MP: 4/4
  1765 | D:3      | Noticed Sigmund
  1771 | D:3      | Killed Sigmund
  1772 | D:3      | Reached skill level 5 in Armour
  1772 | D:3      | Reached XP level 5. HP: 32/49 MP: 5/5
  1772 | D:3      | Reached XP level 6. HP: 36/55 MP: 6/6
  1964 | D:3      | Found a white marble altar of Elyvilon.
  2048 | D:3      | Noticed an ice beast
  2058 | D:3      | Killed an ice beast
  2059 | D:3      | Reached skill level 5 in Shields
  2288 | D:3      | Noticed Jessica
  2294 | D:3      | Killed Jessica
  2370 | D:3      | Found a basalt altar of Yredelemnul.
  2561 | D:3      | Reached XP level 7. HP: 62/63 MP: 7/7
  2725 | D:4      | Reached skill level 6 in Armour
  2981 | D:4      | Noticed Menkaure
  2993 | D:4      | Killed Menkaure
  3340 | D:4      | Noticed Pikel
  3368 | D:4      | Killed Pikel
  3369 | D:4      | Reached skill level 5 in Fighting
  3369 | D:4      | Reached skill level 5 in Maces & Flails
  3369 | D:4      | Reached skill level 7 in Armour
  3369 | D:4      | Reached XP level 8. HP: 46/73 MP: 8/8
  3978 | D:5      | Entered Level 5 of the Dungeon
  4075 | D:5      | Found a stormy altar of Qazlal.
  4387 | D:5      | Found a shimmering altar of Xom.
  4390 | D:5      | Found an opulent altar of Gozag.
  4390 | D:5      | Found a snail-covered altar of Cheibriados.
  4395 | D:5      | Found a shimmering altar of Xom.
  4395 | D:5      | Found a basalt altar of Yredelemnul.
  4395 | D:5      | Found a glowing golden altar of the Shining One.
  4632 | D:5      | Found a shimmering blue altar of Sif Muna.
  4738 | D:6      | Found Fomionn's Lightly-Used Armoury.
  4745 | D:6      | Reached XP level 9. HP: 71/80 MP: 9/9
  4821 | D:6      | Found a staircase to the Ecumenical Temple.
  4826 | D:6      | Reached skill level 8 in Armour
  4845 | Temple   | Entered the Ecumenical Temple
  6205 | D:7      | Found an opulent altar of Gozag.
  6360 | D:7      | Found an iron altar of Okawaru.
  6509 | D:7      | Found a snail-covered altar of Cheibriados.
  6518 | D:7      | Reached skill level 9 in Armour
  6635 | D:7      | Noticed Maggie
  6651 | D:7      | Killed Maggie
  6942 | D:7      | Reached XP level 10. HP: 42/92 MP: 10/10
  7235 | D:7      | Found a bloodstained altar of Trog.
  7649 | D:8      | Noticed a centaur warrior
  7667 | D:8      | Killed a centaur warrior
  7668 | D:8      | Noticed a cyclops
  7688 | D:8      | Killed a cyclops
  7922 | D:8      | Found a staircase to the Lair.
  7926 | D:8      | Noticed Erica
  7961 | D:8      | Killed Erica
  7962 | D:8      | Reached skill level 10 in Armour
  8114 | D:8      | Noticed Maurice
  8141 | D:8      | Killed Maurice
  8343 | D:8      | Noticed a boulder beetle
  8346 | D:8      | Found the +2 cloak of the Thief {*Fog Slay-2 SInv Stlth+}
  8405 | D:8      | Killed a boulder beetle
  8687 | D:8      | Found an ornate altar of the Wu Jian Council.
  8690 | D:8      | Noticed Prince Ribbit
  8704 | D:8      | Killed Prince Ribbit
  8900 | D:8      | Noticed Grum
  8917 | D:8      | Killed Grum
  8918 | D:8      | Reached skill level 10 in Shields
  8918 | D:8      | Reached XP level 11. HP: 92/101 MP: 11/11
  9595 | D:9      | Reached skill level 11 in Armour
  9831 | D:9      | Found a transporter.
  9948 | D:9      | Found an ancient bone altar of Kikubaaqudgha.
 10251 | D:9      | Found a transporter.
 10252 | D:9      | Noticed WhatIsLove's ghost (novice TeCj)
 10540 | D:10     | Entered Level 10 of the Dungeon
 11122 | D:10     | Found a portal to a secret trove of treasure.
 11227 | D:10     | Found a glowing golden altar of the Shining One.
 11230 | D:10     | Became a worshipper of the Shining One
 11451 | D:2      | Bought an amulet of faith for 400 gold pieces
 11619 | Lair:1   | Entered Level 1 of the Lair of Beasts
 12560 | Lair:1   | Identified the +7 war axe of Mojoty {freeze, rF++ Int+3}
 12845 | Lair:2   | Reached skill level 12 in Armour
 13004 | Lair:2   | Reached * piety under the Shining One
 13049 | Lair:2   | Found a hole to the Spider Nest.
 13324 | Lair:2   | Noticed an oklob plant
 13334 | Lair:2   | Killed an oklob plant
 13335 | Lair:2   | Reached XP level 12. HP: 74/112 MP: 12/12
 13380 | Lair:2   | Found a staircase to the Shoals.
 13527 | Lair:2   | Noticed Amaemon
 13543 | Lair:2   | Killed Amaemon
 14155 | Lair:3   | Noticed a four-headed hydra
 14160 | Lair:3   | Noticed a five-headed hydra
 14162 | Lair:3   | Killed a four-headed hydra
 14209 | Lair:3   | Noticed Ughesav's ghost (journeyman TrFi)
 14223 | Lair:3   | Found a transporter.
 14228 | Lair:3   | Found a transporter.
 14307 | Lair:3   | Upgraded the game from 0.30-a0-242-g7bf8e6d787 to
                  | 0.30-a0-250-g41c1d76940
 14337 | Lair:3   | Reached skill level 10 in Fighting
 14339 | Lair:3   | Reached ** piety under the Shining One
 14374 | Lair:3   | Noticed an eight-headed hydra
 14383 | Lair:3   | Killed an eight-headed hydra
 14384 | Lair:3   | Reached skill level 13 in Armour
 14825 | Lair:3   | Reached skill level 10 in Maces & Flails
 15274 | Lair:4   | Noticed a five-headed hydra
 15287 | Lair:4   | Killed a five-headed hydra
 15288 | Lair:4   | Reached skill level 1 in Invocations
 15337 | Lair:4   | Noticed an eight-headed hydra
 15350 | Lair:4   | Killed an eight-headed hydra
 15371 | Lair:4   | Reached XP level 13. HP: 76/121 MP: 14/14
 15620 | Lair:4   | Identified the +1 chain mail "Wawoc" {Regen+}
 15793 | Lair:4   | Found a runed translucent door.
 15795 | Lair:4   | Found a viscous altar of Jiyva.
 15798 | Lair:4   | Found a staircase to the Slime Pits.
 16231 | Lair:5   | Entered Level 5 of the Lair of Beasts
 16231 | Lair:5   | Reached *** piety under the Shining One
 16438 | Lair:5   | Found a basalt altar of Yredelemnul.
 16579 | Lair:5   | Noticed Urug
 16595 | Lair:5   | Killed Urug
 16850 | Lair:5   | Reached skill level 14 in Armour
 17945 | Lair:5   | Reached **** piety under the Shining One
 17962 | Lair:5   | Found a burning altar of Makhleb.
 18245 | Lair:5   | Reached skill level 5 in Invocations
 18269 | Lair:5   | Found a gateway to Hell.
 19064 | D:9      | Gained mutation: Your magical capacity is low. (-10% MP) [a
                  | neqoxec]
 19074 | D:9      | Killed WhatIsLove's ghost
 19075 | D:9      | Reached XP level 14. HP: 132/132 MP: 16/16
 19076 | D:9      | Lost mutation: Your magical capacity is low. (-10% MP)
                  | [potion of mutation]
 19076 | D:9      | Gained mutation: You are partially covered in large bone
                  | plates. (SH +4) [potion of mutation]
 19076 | D:9      | Gained mutation: Your system is resistant to poisons.
                  | (rPois) [potion of mutation]
 19076 | D:9      | Lost mutation: You are partially covered in large bone
                  | plates. (SH +4) [potion of mutation]
 19076 | D:9      | Gained mutation: You expend magic power (3 MP) to
                  | strengthen your wands. [potion of mutation]
 19076 | D:9      | Gained mutation: Your flesh is cold resistant. (rC+)
                  | [potion of mutation]
 19499 | D:11     | Identified the +2 ring mail "Sacuames" {+Blink Str+4
                  | Stlth-}
 19580 | D:11     | Reached ***** piety under the Shining One
 19754 | D:11     | Found Couhawokk's Assorted Antiques.
 19762 | D:11     | Bought a scroll of identify for 60 gold pieces
 19762 | D:11     | Bought a scroll of identify for 60 gold pieces
 19762 | D:11     | Identified a scroll of acquirement
 19766 | D:11     | Acquired 428 gold pieces
 19825 | D:11     | Found a blossoming altar of Fedhas.
 19846 | D:11     | Found a staircase to the Orcish Mines.
 20087 | Orc:1    | Entered Level 1 of the Orcish Mines
 20323 | D:12     | Identified the +1 ring mail "Boq Esh" {*Corrode rN+ Int+3}
 20498 | D:12     | Identified the +1 robe of the Building Gods {rCorr Int-5
                  | Dex+7}
 20545 | D:12     | Reached skill level 15 in Armour
 21257 | D:13     | Found a gate to the Vaults.
 22262 | D:14     | Noticed Kirke
 22272 | D:14     | Killed Kirke
 22487 | D:14     | Noticed Louise
 22487 | D:14     | Noticed Jorgrun
 22487 | D:14     | Reached ****** piety under the Shining One
 22499 | D:14     | Identified a +2 sacred scourge of holy wrath (a +0 demon
                  | whip of venom blessed by the Shining One)
 22499 | D:14     | Received a gift from the Shining One
 22576 | D:14     | Killed Jorgrun
 22775 | D:14     | Killed Louise
 22776 | D:14     | Reached XP level 15. HP: 143/143 MP: 20/20
 22814 | D:14     | Found Irafya Xiho's Armour Emporium.
 22918 | D:14     | Found a radiant altar of Vehumet.
 23252 | D:14     | Bought a +0 barding of cold resistance for 360 gold pieces
 23333 | D:15     | Entered Level 15 of the Dungeon
 23487 | D:15     | Reached skill level 16 in Armour
 23841 | D:15     | Noticed a frost giant
 23842 | D:15     | Found a staircase to the Depths.
 23851 | D:15     | Killed a frost giant
 24182 | D:15     | Found an ancient bone altar of Kikubaaqudgha.
 24404 | D:15     | Reached skill level 15 in Shields
 24934 | Orc:2    | Entered Level 2 of the Orcish Mines
 25537 | Orc:2    | Found Sarus's Magic Scroll Shoppe.
 25540 | Orc:2    | Bought a scroll of enchant weapon for 112 gold pieces
 25540 | Orc:2    | Bought a scroll of brand weapon for 142 gold pieces
 25603 | Orc:2    | Noticed Nergalle
 25610 | Orc:2    | Killed Nergalle
 25651 | Orc:2    | Found a staircase to the Elven Halls.
 25970 | Orc:2    | Found an ancient bone altar of Kikubaaqudgha.
 26012 | Orc:2    | Found Huroun's Jewellery Emporium.
 26044 | Orc:2    | Found Nanoadus's Magic Scroll Emporium.
 26055 | Orc:2    | Found Veiduf's Antique Armour Shoppe.
 26072 | Orc:2    | Bought a scroll of identify for 20 gold pieces
 26072 | Orc:2    | Bought a scroll of enchant weapon for 75 gold pieces
 26091 | Orc:2    | Found a radiant altar of Vehumet.
 26112 | Orc:2    | Found Omyoq's Distillery.
 26120 | Orc:2    | Bought a potion of might for 44 gold pieces
 26120 | Orc:2    | Bought a potion of might for 44 gold pieces
 26120 | Orc:2    | Bought a potion of flight for 33 gold pieces
 26122 | Orc:2    | Bought a potion of mutation for 88 gold pieces
 26318 | Orc:2    | Bought a scroll of fear for 60 gold pieces
 26318 | Orc:2    | Bought a scroll of teleportation for 45 gold pieces
 26318 | Orc:2    | Bought a scroll of fear for 60 gold pieces
 26318 | Orc:2    | Bought a scroll of identify for 30 gold pieces
 26355 | Orc:2    | Bought a scroll of identify for 30 gold pieces
 26398 | Orc:1    | Paralysed by an orc sorcerer for 2 turns
 26540 | Orc:1    | Noticed Gastronok
 26540 | Orc:1    | Noticed Erolcha
 26573 | Orc:1    | Noticed Josephine
 26594 | Orc:2    | Killed Josephine
 26763 | Orc:2    | Killed Erolcha
 26814 | Orc:2    | Killed Gastronok
 27287 | Orc:1    | Noticed Snorg
 27298 | Orc:1    | Killed Snorg
 27628 | Spider:1 | Entered Level 1 of the Spider Nest
 27847 | Spider:1 | Noticed Azrael
 27861 | Spider:1 | Killed Azrael
 27918 | Spider:1 | Reached XP level 16. HP: 154/154 MP: 22/22
 28328 | Spider:1 | HP: 7/154 [pharaoh ant (20)]
 28818 | Spider:1 | Reached skill level 17 in Armour
 29267 | Spider:2 | Noticed Arachne
 29279 | Spider:2 | Killed Arachne
 30043 | Spider:2 | Reached skill level 10 in Invocations
 30317 | Spider:2 | Found a transporter.
 30330 | Spider:2 | Found a transporter.
 30568 | Spider:3 | Noticed Asterion
 30585 | Spider:3 | Killed Asterion
 31016 | Spider:3 | Identified the +2 ring mail "Vups" {Will+}
 31352 | Spider:4 | Entered Level 4 of the Spider Nest
 31354 | Spider:4 | Noticed Donald
 31544 | Spider:4 | Killed Donald
 32261 | Spider:4 | Reached XP level 17. HP: 146/162 MP: 25/25
 32590 | Spider:4 | Got a gossamer rune of Zot
 32948 | Spider:4 | Reached skill level 18 in Armour
 33039 | Spider:4 | Identified the +2 whip "Peextump" {vorpal, *Corrode rF++
                  | Str+4 Dex+2}
 33671 | Vaults:1 | Entered Level 1 of the Vaults
 34007 | Vaults:1 | HP: 6/164 [deep troll[an ironbound preserver] (6)]
 35233 | Vaults:1 | Reached skill level 1 in Dodging
 36613 | Vaults:2 | Reached skill level 5 in Dodging
 36613 | Vaults:2 | Reached XP level 18. HP: 147/172 MP: 26/26
 37329 | Vaults:2 | Found a staircase to the Crypt.
 37329 | Vaults:2 | Found an ancient bone altar of Kikubaaqudgha.
 37330 | Vaults:2 | Found a basalt altar of Yredelemnul.
 37368 | Crypt:1  | Entered Level 1 of the Crypt
 38498 | Crypt:2  | Reached skill level 10 in Dodging
 38744 | Crypt:2  | Reached XP level 19. HP: 180/180 MP: 27/27
 39011 | Crypt:2  | Noticed Xtahua
 39027 | Crypt:2  | Killed Xtahua
 39047 | Crypt:2  | Reached skill level 19 in Armour
 39324 | Crypt:3  | Entered Level 3 of the Crypt
 39343 | Crypt:3  | Reached skill level 15 in Fighting
 39582 | Crypt:3  | Noticed a bone dragon
 39605 | Crypt:3  | Killed a bone dragon
 39749 | Crypt:3  | Found the +8 longbow "Zephyr" {speed, Dex+3 SInv}
 39762 | Crypt:3  | Reached skill level 15 in Maces & Flails
 39932 | Crypt:3  | Paralysed by a sphinx for 3 turns
 39941 | Crypt:3  | Paralysed by a sphinx for 5 turns
 40492 | Crypt:3  | Found a staircase to the Tomb.
 40516 | Crypt:3  | Identified the ring "Ohobeog" {Wiz rN++ Will++ Str-4
                  | Stlth+}
 40769 | Crypt:3  | Identified the ring "Budekeecw" {Ice rElec rCorr Int-3}
 40891 | Crypt:3  | Identified the +7 mace of the Orcish Mines {venom, rElec
                  | Str+4 Stlth+}
 41135 | Crypt:3  | Found an ancient bone altar of Kikubaaqudgha.
 42737 | Vaults:3 | Killed from afar by a tengu reaver

Illustrated notes

Levels and vault maps discovered:
D:1:      eino_arrival_cavern_c, layout_basic
D:2:      layout_basic, serial_shops, nicolae_diamond_shop
D:3:      layout_loops_ring, elyvilon_altar_1, lemuel_zombie_altar_yredelemnul,
          uniq_sigmund, uniq_jessica
D:4:      layout_loops_ring, uniq_menkaure, uniq_pikel
D:5:      layout_basic, nicolae_sif_muna_little_library,
          nicolae_qazlal_eye_of_the_storm, doesnt_xom_only_xom,
          reono_crystal_passage, minmay_tree_intersection,
          hangedman_decor_lopped
D:6:      layout_basic, minmay_temple_entry_large_hall, minmay_shop_damaged,
          minmay_circle_x
D:7:      layout_basic, kennysheep_mini_moat, amcnicky_altar_gilded,
          hangedman_feature_mirror, uniq_maggie
D:8:      minmay_cut_squares, layout_loops_ring,
          mainiacjoe_overflow_concentric_impassable, small_chamber_with_monster,
          nrook_campfire, uniq_prince_ribbit1, uniq_grum, uniq_maurice,
          uniq_erica
D:9:      layout_basic, kennysheep_little_box, gammafunk_ghost_stat_death,
          serial_bayou_pond_e, minivault_16
D:10:     layout_gridville, tso_oasis_becter, nicolae_trove_entry_path_of_doom
D:11:     layout_irregular_city, orc_0_dummy, serial_shops, nicolae_shop_stone,
          fedhas_altar_3
D:12:     layout_basic
D:13:     layout_basic, grunt_vaults_entry_tiered
D:14:     layout_cave_pools, vehumet_crystals, serial_shops,
          nicolae_inconvenience_store, chequers_serial_rivers_micro_c,
          uniq_jorgrun, uniq_kirke, uniq_louise
D:15:     grunt_enter_depths_snipers, layout_loops_cross,
          kiku_gazebo_garden_becter, st_stairs_5
Temple:   hc_temple_tempest_star
Lair:1:   layout_cave_pods, infiniplex_staircase_pool, serial_bayou_shore_b,
          grunt_megastairs_4
Lair:2:   layout_regular_city, elwin_shoals_entry_rocks,
          hellmonk_spider_entry_life_and_decay, st_stairs_12,
          grunt_forest_small_clearing_treed, serial_bayou_shore_a,
          infiniplex_staircase_pool_2, grunt_megastairs_5, serial_bayou_shore_b,
          uniq_amaemon
Lair:3:   layout_long_grid, nzn_ghost_randoct
Lair:4:   layout_roguey [special_room_mythical_zoo], slime_entry_2,
          beast_lair_carwin_3
Lair:5:   evil_forest, layout_small_grid, basic_altar, serial_bayou_shore_b,
          uniq_urug
Spider:1: layout_spider_delve, uniq_azrael
Spider:2: gammafunk_sealed_arena, uniq_arachne
Spider:3: layout_cave_pods, drop_trap, uniq_asterion
Spider:4: guppyfry_spider_rune, uniq_donald
Orc:1:    layout_caves, uniq_gastronok, uniq_erolcha, uniq_josephine, uniq_snorg
Orc:2:    kennysheep_orc_mage_school, layout_diamond_mine, serial_shops,
          nicolae_shop_behind_doors
Vaults:1: vaults_room_ringed_pool, vaults_room_octagon,
          nicolae_vaults_what_the_h, v_alt_pattern_2,
          nicolae_vaults_windows_and_doors_thing, nicolae_vaults_triangles,
          hangedman_vaults_stagger, vaults_standard_mumra_enter_the_diamond,
          ontoclasm_vaults_loading_screen, hangedman_vaults_corner_blocks,
          layout_vaults_big_cross
Vaults:2: v_misc_3, minmay_crypt_entry_necro_gods, v_misc_29, vaults_room_boxed,
          grunt_vaults_hallway_long, vaults_mumra_lcd, v_misc_28,
          vaults_room_pool, vaults_room_stairs_pillars, v_pattern_3,
          vaults_standard_mumra_enter_the_diamond, layout_vaults_ring
Vaults:3: v_rooms_2, v_misc_4, v_misc_1, st_squares,
          nicolae_vaults_diagonal_hallway_6, nicolae_vaults_little_ls,
          ontoclasm_vaults_pinch, vaults_standard_mumra_x, vaults_mumra_hex,
          v_misc_11, v_alt_pattern_1, layout_vaults_omnibox, serial_shops,
          shop_scrolls
Crypt:1:  layout_chaotic_city
Crypt:2:  layout_rooms, hangedman_batty, uniq_xtahua
Crypt:3:  quadcrypt_mu

Skill      XL: |  1  2  3  4  5  6  7  8  9 10 11 12 13 14 15 16 17 18 19 |
---------------+----------------------------------------------------------+-----
Maces & Flails | 2 3 5 6 8 9 10 11 12 13 14 15 | 15.4
Armour         | 4 5 7 9 10 12 13 14 15 16 17 18 19 | 19.7
Fighting       | 3 4 5 6 7 8 9 10 11 12 13 14 15 | 15.6
Shields        | 4 5 6 7 8 10 11 12 13 14 15 16 17 18 | 18.3
Invocations    | 2 5 7 9 10 11 13 | 13.1
Dodging        | 5 10 | 10.0

Action                   |  1- 3 |  4- 6 |  7- 9 | 10-12 | 13-15 | 16-18 | 19-21 || total
-------------------------+-------+-------+-------+-------+-------+-------+-------++-------
Melee: Flail             |    74 |       |    41 |   335 |    62 |       |       ||   512
       Tailslap          |     7 |    10 |    58 |   103 |   263 |   422 |   214 ||  1077
       Dagger            |    42 |    67 |   354 |   106 |       |       |       ||   569
       War axe           |       |       |       |   141 |   386 |       |       ||   527
       Whip              |       |       |       |    11 |       |       |       ||    11
       Sacred scourge    |       |       |       |       |   754 |  1524 |   755 ||  3033
Invok: Divine Shield     |       |       |       |     2 |     5 |    14 |     4 ||    25
       Cleansing Flame   |       |       |       |       |     1 |     4 |     1 ||     6
       Brand Weapon With |       |       |       |       |     1 |       |       ||     1
       Summon Divine War |       |       |       |       |       |    11 |     3 ||    14
  Use: Potion            |       |       |       |     5 |     4 |    16 |     1 ||    26
       Scroll            |       |       |       |     7 |    22 |     8 |     1 ||    38
Armor: Scale mail        |    76 |    27 |   160 |       |       |       |       ||   263
       Plate armour      |       |       |    33 |   606 |   895 |   804 |   222 ||  2560
Dodge: Dodged            |    31 |    13 |   111 |   154 |   145 |   116 |    49 ||   619
Block: Buckler           |    29 |    14 |    89 |   225 |   182 |       |       ||   539
       Kite shield       |       |       |       |       |    49 |       |       ||    49
       Tower shield      |       |       |       |       |   655 |  1589 |   663 ||  2907
       Reflection        |       |       |       |       |       |       |     8 ||     8

Table legend: (Time is in decaauts)
 A = Elapsed time spent in this place.
 B = Non-inter-level travel time spent in this place.
 C = Inter-level travel time spent in this place.
 D = Time resting spent in this place.
 E = Time spent auto-exploring this place.
 F = Levels seen in this place.
 G = Mean time per level.
                   A        B        C        D        E       F      G
               +--------+--------+--------+--------+--------+-----+--------+
         Total |  41913 |  39248 |   2665 |   2909 |  28819 |  33 | 1270.1 |
       Dungeon |  17431 |  15858 |   1573 |    431 |  12716 |  15 | 1162.1 |
        Temple |    301 |    295 |      6 |      0 |    283 |   1 |  301.0 |
          Lair |   7571 |   7248 |    323 |    443 |   5551 |   5 | 1514.2 |
   Spider Nest |   5575 |   5324 |    251 |    742 |   3417 |   4 | 1393.8 |
  Orcish Mines |   2588 |   2445 |    143 |    737 |   1181 |   2 | 1294.0 |
        Vaults |   4479 |   4194 |    285 |    158 |   3118 |   3 | 1493.0 |
         Crypt |   3965 |   3883 |     82 |    398 |   2551 |   3 | 1321.7 |
               +--------+--------+--------+--------+--------+-----+--------+

Top non-repeatable levels by time:
Vaults:1: 2707 daAuts
  Lair:5: 2529 daAuts
 Crypt:3: 2142 daAuts
Spider:4: 1935 daAuts
     D:8: 1745 daAuts
   Orc:2: 1594 daAuts
     D:9: 1557 daAuts
     D:7: 1547 daAuts
Vaults:2: 1543 daAuts
Spider:1: 1521 daAuts
  Lair:2: 1508 daAuts
    D:13: 1445 daAuts
  Lair:4: 1434 daAuts
     D:4: 1331 daAuts
Spider:2: 1320 daAuts
